Unix NetHack Version 3.7.0-102 Work-in-progress - last build Apr 6 2024 13:22:21 (d302a6a9ff6341f1a922d8f5af178406b35fdf99,branch:master). Game began 2024-04-30 06:28:30, ended 2024-04-30 06:35:23. MalkMcJorma, chaotic male elven Ranger ----- |...| ----------- |...| ---------------- |.........| |...| ...............| ----------- ####..........| |...| |..........%...| ##..........| # |.........| |...| |..............| ######## |..........#####-.....>...| |.... |..............|###### |....0....|## |.........| -|-+- --------------.-# -.........| # ----------- # #### |..........#### # # |.......<.| ## ## # ---------+- # # ----------.----- # -.--+-- |........:.....| # ---.----- |.)...| # #....>.....@..... ##|.......| |......########|..............| #|.......| |.....| ---------------- #........| ------- |.......| --------- MalkMcJorma the Lookout St:15 Dx:11 Co:15 In:16 Wi:14 Ch:7 Chaotic Dlvl:3 $:17 HP:0(26) Pw:22(22) AC:7 Xp:3/42 T:788 Hungry Latest messages: You see here a crossbow. You descend the stairs. The gnome wields a crossbow! The gnome wields a bow! The gnome shoots an arrow! You are hit by an arrow. You see a boulder start to roll. The gnome swings his crossbow. The gnome hits! You begin bashing monsters with your elven bow. You hit the gnome. You miss the gnome. The gnome swings his crossbow. The gnome hits! You miss the gnome. The gnome swings his crossbow. The gnome hits! You miss the gnome. You miss the gnome. The gnome swings his crossbow. The gnome misses! The gnome shoots an arrow! The arrow misses the gnome. You are almost hit by an arrow. Warfrost misses the gnome. Warfrost misses the gnome. The gnome picks up an arrow. The gnome picks up a hexagonal wand. Warfrost misses the gnome. Warfrost bites the gnome. The gnome is killed! Warfrost eats a gnome corpse. The dwarf throws a dagger! A dagger misses you. The gnome hits! You climb up the stairs. The gecko bites! You miss the gecko. You miss the gecko. You miss the gecko. You miss the gecko. The gecko bites! You miss the gecko. The gecko bites! What do you want to wield? [- abcd or ?*] a - an uncursed +1 elven dagger named Sting (weapon in left hand). b - an uncursed +1 elven bow (alternate weapon; not wielded). You miss the gecko. The gecko bites! You die... Inventory: Coins ('$') $ - 17 gold pieces Weapons (')') c - 50 blessed +2 elven arrows (in quiver) d - 35 uncursed +0 elven arrows b - an uncursed +1 elven bow (alternate weapon; not wielded) a - the uncursed +1 Sting (weapon in left hand) Armor ('[') e - an uncursed +2 elven cloak (being worn) Comestibles ('%') m - an uncursed food ration Tools ('(') r - an uncursed sack containing 5 items l - an uncursed magic marker (0:40) Contents of the sack: 27 gold pieces 4 uncursed lembas wafers an uncursed lichen corpse a blessed potion of paralysis a cursed wax candle MalkMcJorma the Ranger's attributes: Background: You were a Lookout, a level 3 male elven Ranger. You were chaotic, on a mission for Mars who was opposed by Mercury (lawful) and Venus (neutral). You were left-handed. You were in the Dungeons of Doom, on level 3. You entered the dungeon 788 turns ago. You had 42 experience points, 38 more were needed to attain level 4. Basics: You had 0 out of 26 hit points. You had all 22 energy points (spell power). Your armor class was 7. Your wallet contained 17 zorkmids, and you had 27 more stashed away in your pack. Autopickup was off. Final Characteristics: Your strength was 15 (limit:18). Your dexterity was 11 (limit:18). Your constitution was 15 (limit:16). Your intelligence was 16 (limit:20). Your wisdom was 14 (limit:20). Your charisma was 7 (limit:18). Final Status: You were hungry. You were unencumbered. You were wielding a dagger. You had basic skill with dagger. Final Attributes: You were fervently aligned. You were aware of the presence of orcs. You had automatic searching. You had infravision. You were stealthy. You were warded. You are dead. Miscellaneous: You disabled loading of bones levels. Total elapsed playing time was 6 minutes and 52 seconds. Major events: Turn 1: MalkMcJorma the chaotic male elven Ranger entered the dungeon 1: became literate by naming Sting 682: attained the rank of Lookout (level 3) 757: entered the Gnomish Mines 788: killed by a gecko Vanquished creatures: a brown mold a green mold a gnome 5 jackals a goblin 2 grid bugs 5 lichens 5 newts 21 creatures vanquished. No species were genocided or became extinct. Voluntary challenges: You were an atheist. You read items or engraved 1 time. You never engraved Elbereth. You never genocided any monsters. You never polymorphed an object. You never changed form. You used no wishes. Achievements: You entered a shop. You attained the rank of Lookout. You entered the Gnomish Mines. The Dungeons of Doom: levels 1 to 4 Level 1: Level 2: A fountain. Level 3: <- You were here. A grave. Stairs down to The Gnomish Mines. Final resting place for you, killed by a gecko. Level 4: The Gnomish Mines: Level 4: Game over: ---------- / \ / REST \ / IN \ / PEACE \ / \ | MalkMcJorma | | 44 Au | | killed by a | | gecko | | | | | | 2024 | *| * * * | * _________)/\\_//(\/(/\)/\//\/|_)_______ Goodbye MalkMcJorma the Ranger... You died in The Dungeons of Doom on dungeon level 3 with 358 points, and 44 pieces of gold, after 788 moves. You were level 3 with a maximum of 26 hit points when you died.